AoeStats
← Herby

Lombardia

507656528Analyzed
4v4 RM · 13d ago on Sep 19, 2026· 57m 4s· 8 players
Game mode
Random Map
Map size
Large (8 player)
Population
200
Speed
Normal
Resources
Standard
Victory
Conquest
Starting age
Dark Age
Ending age
Imperial Age
RankedLock teamsTeams togetherTeam positionsShared explorationLock speedFull tech treeHidden civsTurbo modeCheats
Victory
Defeat
🇲🇽 Tatars · Mexico
1421
+16
🇨🇴 Khmer · Colombia
1389
+17
🇦🇺 Mongols · Australia
1319
+20
🇲🇽 Magyars · Mexico
1291
+20
🇲🇽 Romans · Mexico
1425
-19
🇲🇽 Bohemians · Mexico
1408
-18
🇻🇳 Vietnamese · Vietnam
1400
-18
🇨🇳 Turks · China
1393
-18
VNS__Pan
5:08 Loom
11:50 Feudal Age
16:04 Castle Age
14:20 Double-Bit Axe
14:16 Horse Collar
19:54 Bow Saw
21:39 Wheelbarrow
22:54 Fletching
23:06 Heavy Plow
26:40 Squires
31:09 Imperial Age
28:57 Gold Mining
29:04 Bodkin Arrow
29:39 Hand Cart
29:32 Padded Archer Armor
30:16 Stone Mining
30:48 Ballistics
31:25 Leather Archer Armor
31:47 Stone Shaft Mining
32:24 Bracer
32:55 Ring Archer Armor
33:27 Two-Man Saw
32:47 Thumb Ring
32:47 Town Watch
33:45 Elite Rattan Archer
36:07 Chemistry
36:12 Hoardings
44:16 Fortified Wall
44:02 Murder Holes
44:13 Siege Engineers
51:05 Guilds
50:56 Caravan
52:28 Coinage
[Pb] Komodo 3000
10:06 Feudal Age
11:19 Loom
16:18 Castle Age
21:21 Wheelbarrow
21:49 Fletching
23:33 Double-Bit Axe
29:29 Fervor
33:40 Imperial Age
31:28 Bodkin Arrow
31:34 Town Watch
32:58 Ballistics
33:38 Chemistry
33:39 Hand Cart
33:38 Bow Saw
33:11 Horse Collar
33:06 Pikeman
34:00 Forging
33:55 Scale Mail Armor
36:01 Squires
36:23 Chain Mail Armor
35:57 Halberdier
39:06 Plate Mail Armor
38:48 Forging
39:55 Two-Man Saw
40:03 Siege Engineers
40:36 Houfnice
45:20 Iron Casting
44:47 Padded Archer Armor
49:21 Caravan
Herby
4:16 Loom
11:56 Feudal Age
15:29 Castle Age
14:18 Double-Bit Axe
16:58 Bow Saw
23:42 Fletching
26:43 Wheelbarrow
26:16 Horse Collar
28:16 Heavy Plow
29:44 Hand Cart
34:04 Imperial Age
33:46 Gold Mining
33:49 Stone Mining
36:43 Heavy Scorpion
38:52 Ballistas
40:23 Chemistry
41:33 Ballistics
41:49 Siege Engineers
46:50 Capped Ram
48:28 Siege Ram
FakerMarTin
11:08 Feudal Age
15:09 Castle Age
13:10 Loom
14:07 Double-Bit Axe
14:40 Horse Collar
22:42 Loom
31:46 Bow Saw
32:27 Wheelbarrow
32:00 Fletching
33:10 Redemption
32:52 Gold Mining
32:53 Stone Mining
33:09 Heavy Plow
38:33 Imperial Age
36:13 Bodkin Arrow
36:18 Padded Archer Armor
36:42 Padded Archer Armor
37:51 Gold Shaft Mining
37:44 Sipahi
38:25 Thumb Ring
38:04 Treadmill Crane
39:10 Hand Cart
41:43 Two-Man Saw
42:41 Parthian Tactics
43:38 Heavy Cavalry Archer
44:52 Masonry
45:08 Bloodlines
44:59 Husbandry
45:54 Conscription
46:08 Leather Archer Armor
46:25 Caravan
47:05 Town Watch
47:57 Guilds
48:27 Bracer
49:32 Artillery
53:30 Architecture
53:20 Ballistics
53:24 Bombard Tower
53:35 Architecture
53:45 Ring Archer Armor
DiegoAzul10
9:44 Feudal Age
11:25 Loom
11:30 Double-Bit Axe
11:26 Horse Collar
20:09 Castle Age
18:50 Wheelbarrow
18:10 Gold Mining
19:28 Scale Barding Armor
19:33 Forging
19:59 Bloodlines
21:01 Bow Saw
20:13 Light Cavalry
20:54 Husbandry
22:56 Chain Barding Armor
29:58 Heavy Plow
30:39 Fletching
30:49 Padded Archer Armor
34:34 Imperial Age
32:01 Bodkin Arrow
32:22 Leather Archer Armor
32:34 Ballistics
32:40 Stone Mining
33:26 Gold Shaft Mining
33:50 Hand Cart
33:20 Town Watch
35:20 Coinage
35:23 Bracer
35:54 Ring Archer Armor
36:26 Chemistry
34:49 Heavy Cavalry Archer
38:02 Banking
38:23 Capped Ram
42:03 Siege Ram
44:00 Guilds
43:30 Hussar
43:55 Treadmill Crane
45:51 Plate Barding Armor
45:51 Iron Casting
47:25 Caravan
52:27 Conscription
52:15 Silk Armor
55:48 Blast Furnace
57:01 Siege Engineers
57:06 Masonry
[A2PL]Jdbcervantes
9:54 Feudal Age
20:34 Castle Age
19:49 Fletching
19:59 Padded Archer Armor
21:36 Bodkin Arrow
22:14 Thumb Ring
24:24 Wheelbarrow
25:25 Town Watch
27:17 Wheelbarrow
26:29 Loom
31:01 Double-Bit Axe
31:03 Horse Collar
34:53 Imperial Age
33:09 Bloodlines
33:01 Husbandry
34:32 Leather Archer Armor
35:38 Bracer
35:04 Elite Skirmisher
37:13 Ring Archer Armor
36:10 Heavy Cavalry Archer
37:27 Parthian Tactics
37:42 Bow Saw
39:08 Hand Cart
38:59 Caravan
40:58 Ballistics
41:39 Chemistry
41:29 Corvinian Army
42:08 Ring Archer Armor
44:11 Conscription
44:27 Masonry
45:04 Scale Barding Armor
44:53 Elite Magyar Huszar
52:09 Recurve Bow
53:27 Chain Barding Armor
53:59 Stone Mining
53:59 Gold Mining
55:47 Onager
A2PL Okr010
2:51 Loom
9:00 Feudal Age
9:37 Double-Bit Axe
20:31 Castle Age
18:23 Horse Collar
22:52 Bow Saw
22:43 Heavy Plow
28:59 Wheelbarrow
28:51 Gold Mining
28:54 Stone Mining
29:20 Stone Mining
30:04 Hand Cart
31:07 Gold Shaft Mining
31:08 Stone Shaft Mining
33:51 Imperial Age
33:06 Ballistics
33:01 Bloodlines
32:52 Husbandry
33:42 Fletching
34:03 Thumb Ring
34:18 Padded Archer Armor
34:23 Bodkin Arrow
35:00 Parthian Tactics
35:02 Conscription
34:04 Elite Mangudai
36:00 Chemistry
36:18 Bracer
36:34 Leather Archer Armor
36:26 Siege Engineers
36:02 Heavy Cavalry Archer
38:15 Onager
39:38 Siege Onager
41:59 Siege Onager
43:38 Drill
44:39 Caravan
[A2PL] ThaNaThoS
7:09 Loom
9:54 Feudal Age
17:53 Castle Age
16:11 Double-Bit Axe
16:09 Horse Collar
17:32 Forging
17:47 Scale Barding Armor
20:10 Gold Mining
30:11 Wheelbarrow
35:20 Imperial Age
33:19 Heavy Plow
34:01 Wheelbarrow
33:39 Town Watch
34:20 Stone Mining
35:05 Gold Shaft Mining
34:59 Bow Saw
35:47 Fletching
35:50 Elite Ballista Elephant
36:20 Elite Ballista Elephant
37:01 Bodkin Arrow
38:11 Chemistry
37:43 Town Patrol
38:20 Double Crossbow
38:41 Conscription
38:29 Bracer
38:36 Husbandry
38:47 Bloodlines
40:55 Hand Cart
41:06 Chain Barding Armor
40:46 Padded Archer Armor
41:22 Iron Casting
41:53 Onager
44:31 Onager
45:31 Siege Engineers
45:47 Ballistics
45:38 Masonry
45:39 Light Cavalry
47:17 Pikeman
49:56 Coinage
50:57 Architecture
51:05 Plate Barding Armor
50:32 Scale Mail Armor
53:05 Blast Furnace
51:48 Capped Ram
52:56 Siege Ram
Connection lost

Rejoining the realm…

Still unreachable

The connection could not be restored.

Session expired

The server has moved on; the page needs a fresh start.